 Dungeon Crawl Stone Soup version 0.17-a0-1126-gac09380 (webtiles) character file.

4791 AnnoyedKobold the Covert (level 10, -2/46 HPs)
             Began as a Spriggan Assassin on May 24, 2015.
             Was a Believer of Dithmenos.
             Slain by a yak (17 damage)
             ... on level 9 of the Dungeon.
             The game lasted 00:49:28 (12022 turns).

AnnoyedKobold the Covert (Spriggan Assassin)       Turns: 12022, Time: 00:49:28

Health: -2/46      AC:  3    Str:  7    XL:     10   Next: 24%
Magic:  20/20      EV: 31    Int: 13    God:    Dithmenos [**....]
Gold:   334        SH:  6    Dex: 21    Spells: 1 memorised, 7 levels left

rFire  . . .     SeeInvis +     r - +1 short sword of Untruth {pierce, rElec rN++ MP+9}
rCold  . . .     Clarity  .     c - +0 robe
rNeg   + + .     SustAt   .     a - +0 buckler
rPois  .         Gourm    .     (helmet restricted)
rElec  +         Spirit   .     j - +0 cloak
rCorr  .         Warding  .     (gloves unavailable)
rMut   .         Stasis   .     (boots unavailable)
MR     +....                    (no amulet)
Stlth  +++++++++.               (no ring)
                                (no ring)

@: wreathed by umbra, very quick, somewhat resistant to hostile enchantments,
incredibly stealthy
A: unfitting armour, see invisible, herbivore 3, speed 3, slow metabolism 2
a: Shadow Step, Renounce Religion


You were on level 9 of the Dungeon.
You worshipped Dithmenos.
Dithmenos was pleased with you.
You were not hungry.

You visited 2 branches of the dungeon, and saw 10 of its levels.

You collected 334 gold pieces.

Inventory:

Hand weapons
 b - a +3 blowgun
 r - the +1 short sword of Untruth (weapon) {pierce, rElec rN++ MP+9}
   (You found it on level 7 of the Dungeon)

   It inflicts extra damage upon your enemies.
   It insulates you from electricity.
   It greatly protects you from negative energy.
   It affects your magic capacity (+9).
Missiles
 e - 52 poisoned needles
 f - 2 curare-tipped needles
Armour
 a - a +0 buckler (worn)
 c - a +0 robe (worn)
 j - a +0 cloak (worn)
Magical devices
 w - a wand of magic darts (13)
Scrolls
 i - 6 scrolls of teleportation
 k - a scroll of recharging
 s - 2 scrolls of amnesia
 t - a scroll of fear
 v - a scroll of identify
 z - a scroll of immolation {unknown}
Potions
 d - a potion of curing
 l - 2 potions of brilliance
 m - 2 potions of resistance
 n - a potion of flight
 o - 2 potions of ambrosia
 p - 2 potions of haste
 x - a potion of berserk rage
Books
 h - a book of Summonings

   Spells                             Type                      Level
   a - Recall                         Summoning/Translocation      3
   b - Aura of Abjuration             Summoning                    5
   c - Shadow Creatures               Summoning                    5
   d - Summon Demon                   Summoning                    5
   e - Summon Forest                  Summoning/Translocation      5
   f - Summon Mana Viper              Hexes/Summoning              5
 q - a book of Transfigurations

   Spells                             Type                      Level
   a - Stoneskin                      Transmutation/Earth          2
   b - Irradiate                      Conjuration/Transmutation    5
   c - Statue Form                    Transmutation/Earth          6
   d - Hydra Form                     Transmutation                6
   e - Dragon Form                    Transmutation                7
 y - a book of the Tempests

   Spells                             Type                      Level
   a - Static Discharge               Conjuration/Air              3
   b - Lightning Bolt                 Conjuration/Air              5
   c - Fireball                       Conjuration/Fire             5
   d - Tornado                        Air                          9
   e - Shatter                        Earth                        9
Comestibles
 g - 2 bread rations
 u - 3 fruits


   Skills:
 - Level 1.5 Fighting
 - Level 4.4 Short Blades
 + Level 3.8 Throwing
 - Level 13.0 Dodging
 - Level 13.5 Stealth
 + Level 8.4 Transmutations


You had 7 spell levels left.
You knew the following spells:

 Your Spells              Type           Power        Failure   Level  Hunger
a - Stoneskin             Trmt/Erth      ##......     17%         2    ###....


Dungeon Overview and Level Annotations

Branches:
Dungeon (9/15)             Temple (1/1) D:6
   Lair: D:8-11         Orc: D:9-12

Altars:
Ashenzari
Cheibriados
Dithmenos
Elyvilon
Kikubaaqudgha
Okawaru
Ru
Sif Muna
Trog
Xom
Zin
The Shining One

Shops:
D:4 (

Annotations:
D:3 Grinder
D:5 Menkaure
D:6 exclusion: oklob plant


Innate Abilities, Weirdness & Mutations

You are tiny and cannot use many weapons and most armour.
You have supernaturally acute eyesight.
You are a herbivore.
You cover ground extremely quickly.
You need consume almost no food.


Message History

The yak is heavily wounded.
The yak completely misses you.
You barely miss the yak.
The yak is heavily wounded.
The orc warrior closely misses you. The yak completely misses you.
You hit the yak.
The yak is heavily wounded.
The yak misses you.
The orc warrior hits you from afar with a glaive!
You hit the yak but do no damage.
The yak is heavily wounded.
The yak completely misses you.
You hit the yak but do no damage.
The yak is heavily wounded.
You block the orc warrior's attack. The yak completely misses you.
You hit the yak but do no damage.
The yak is heavily wounded.
The orc warrior hits you from afar with a glaive!
The yak gores you!
You die...

##### ###...
#.... #
#.#.##.#
####.#....#
#.o.oY.O#
#Y##o...Y.#
#@####Y....YY#
###.#
#########
#...#
####.####
#.......#
#.##.##.#
#.##.##.#
#.##....#
#.####..# ...


You could see a yak and an orc warrior.

Vanquished Creatures
  Prince Ribbit (D:6)
  Sigmund (D:6)
  Eustachio (D:5)
  Duvessa (D:5)
  4 orc warriors
  A water moccasin (D:8)
  3 ice beasts
  An eye of draining (D:8)
  A phantom (D:7)
  A sky beast (D:6)
  A centaur (D:6)
  A black bear (D:8)
  2 ogres
  2 big kobolds
  9 giant frogs
  Dowan (D:4)
  6 scorpions
  7 killer bees (D:8)
  5 hounds
  A giant frog zombie (D:8)
  6 crimson imps
  2 centaur skeletons
  3 jellies
  4 orc priests
  An iron imp (D:7)
  4 orc wizards
  4 worker ants
  A killer bee zombie (D:6)
  A hound zombie (D:6)
  2 hound skeletons
  10 adders
  A worker ant zombie (D:7)
  3 gnolls (D:9)
  A white imp (D:5)
  A worm (D:4)
  An adder zombie (D:7)
  5 giant geckos
  15 orcs
  2 ball pythons
  14 bats
  A bat skeleton (D:5)
  A bat zombie (D:8)
  4 giant cockroaches
  6 goblins
  14 hobgoblins
  21 kobolds
  2 quokkas
  A giant gecko skeleton (D:4)
  6 giant newts
  17 jackals
  A quokka zombie (D:8)
  10 rats
215 creatures vanquished.

Vanquished Creatures (others)
  2 worker ants (D:4)
  An adder (D:4)
  A worm (D:4)
  A kobold (D:4)
  A giant gecko (D:4)
  A giant newt (D:4)
  4 fungi (D:5)
11 creatures vanquished.

Grand Total: 226 creatures vanquished

Notes
Turn   | Place    | Note
--------------------------------------------------------------
     0 | D:1      | AnnoyedKobold the Spriggan Assassin began the quest for the Orb.
     0 | D:1      | Reached XP level 1. HP: 10/10 MP: 2/2
    31 | D:1      | Reached skill level 6 in Stealth
   436 | D:1      | Reached XP level 2. HP: 14/14 MP: 3/3
  1257 | D:2      | Reached XP level 3. HP: 16/18 MP: 4/4
  1304 | D:2      | Reached skill level 7 in Stealth
  1682 | D:2      | Reached XP level 4. HP: 11/22 MP: 5/5
  2356 | D:3      | Noticed Grinder
  3018 | D:4      | Reached skill level 5 in Dodging
  3109 | D:3      | Noticed an ogre
  3157 | D:4      | Reached XP level 5. HP: 25/25 MP: 6/6
  3161 | D:4      | Reached skill level 8 in Stealth
  3182 | D:4      | Found a shimmering altar of Xom.
  3289 | D:4      | Noticed an ogre
  3320 | D:4      | Killed an ogre
  3491 | D:4      | Reached XP level 6. HP: 30/30 MP: 7/7
  3644 | D:4      | Reached skill level 9 in Stealth
  3981 | D:4      | Found Jugg's Weapon Shoppe.
  4353 | D:5      | Entered Level 5 of the Dungeon
  4400 | D:5      | Noticed Dowan
  4407 | D:5      | Noticed Duvessa
  4407 | D:5      | Noticed Eustachio
  4467 | D:5      | Killed Duvessa
  4587 | D:5      | Reached skill level 10 in Stealth
  4587 | D:5      | Reached XP level 7. HP: 26/33 MP: 8/8
  4935 | D:4      | Killed Dowan
  5136 | D:5      | Killed Eustachio
  5136 | D:5      | Reached skill level 11 in Stealth
  5410 | D:5      | Noticed Menkaure
  5778 | D:6      | Noticed Prince Ribbit
  5782 | D:6      | Killed Prince Ribbit
  5782 | D:6      | Reached XP level 8. HP: 37/37 MP: 9/9
  5785 | D:6      | Reached skill level 10 in Dodging
  5785 | D:6      | Reached skill level 12 in Stealth
  6220 | D:6      | Noticed an oklob plant
  6754 | D:5      | Reached skill level 13 in Stealth
  7113 | D:6      | Noticed Sigmund
  7120 | D:6      | Killed Sigmund
  7120 | D:6      | Reached XP level 9. HP: 39/41 MP: 10/10
  7198 | D:6      | Found an ancient bone altar of Kikubaaqudgha.
  7284 | D:6      | Found a staircase to the Ecumenical Temple.
  7300 | Temple   | Entered the Ecumenical Temple
  7450 | Temple   | Became a worshipper of Dithmenos the Shadowed
  7474 | Temple   | Learned a level 2 spell: Stoneskin
  7662 | D:7      | Reached skill level 1 in Transmutations
  7676 | D:7      | Found a snail-covered altar of Cheibriados.
  8769 | D:7      | Got a dazzling short sword
  8794 | D:7      | Identified the cursed +1 short sword of Untruth {pierce, rElec rN++ MP+9} (You found it on level 7 of the Dungeon)
  9113 | D:8      | Reached skill level 5 in Transmutations
  9139 | D:8      | Reached skill level 1 in Short Blades
 10279 | D:8      | Acquired Dithmenos's first power
 10727 | D:8      | Reached XP level 10. HP: 46/46 MP: 11/11
 12022 | D:9      | Slain by a yak

Vault maps used:
D:1:      scummos_arrival_gate, minmay_splitting_lines
D:2:      grunt_decor_one_mirror
D:3:      first_bread, minivault_25, lemuel_statue_altar, uniq_grinder
D:4:      serial_shops, shop_fountains, glass_columns_a, xom_confusion_cloud
D:5:      old_forge, uniq_duvessa, uniq_menkaure, uniq_crazy_yiuf_cottage,
          uniq_eustachio
D:6:      temple_green, basic_altar, hangedman_glass_teeth, lemuel_oklob_altar,
          uniq_sigmund, uniq_prince_ribbit1
D:7:      slow_altar_1
D:8:      grunt_livestock
Temple:   grunt_circular_temple_18

Action                   |  1- 3 |  4- 6 |  7- 9 | 10-12 || total
-------------------------+-------+-------+-------+-------++-------
Melee: Dagger            |    98 |   169 |   450 |       ||   717
       Unarmed           |       |     4 |       |       ||     4
       Blowgun           |       |     1 |       |       ||     1
       Short sword       |       |       |    92 |   149 ||   241
 Fire: Blowgun           |    10 |    33 |   108 |    23 ||   174
 Cast: Stoneskin         |       |       |     3 |       ||     3
Evoke: Wand              |       |       |     8 |       ||     8
  Use: Scroll            |       |     9 |    12 |       ||    21
       Potion            |       |     3 |     7 |       ||    10
 Stab: Sleeping          |    12 |    13 |    35 |     1 ||    61
       Distracted        |       |       |     2 |     1 ||     3
  Eat: Fruit             |       |     2 |     3 |       ||     5
       Bread ration      |       |       |     1 |       ||     1
